[Event "Oceania Zonal Open 2023"]
[Site "Melbourne"]
[Date "2023.01.24"]
[Round "3.9"]
[White "Deng, Jimmy"]
[Black "Urban, Sylvester"]
[Result "0-1"]
[ECO "B52"]
[WhiteElo "1879"]
[BlackElo "2117"]
[Annotator "TA"]
[PlyCount "198"]
[EventDate "2023.01.09"]
[EventType "swiss"]
[EventCountry "AUS"]
[SourceTitle "playchess.com"]
[Source "ChessBase"]
[SourceQuality "1"]
[TimeControl "5400+30"]

1. e4 c5 2. Nf3 d6 3. Bb5+ Bd7 4. Bxd7+ Nxd7 5. O-O Ngf6 6. Qe2 e6 7. c3 Be7 {[%emt 0:00:10] B52: Sicilian: Moscow Variation with 3...Bd7.} 8. d3 O-O 9. Nbd2 {[%emt 0:02:12] [#]} b5 $146 {[%emt 0:03:05] The position is equal.} ({Predecessor:} 9... Rc8 10. Rd1 Qc7 11. Nf1 a6 12. Ng3 b5 13. h4 b4 14. h5 h6 15. Bd2 a5 {0-1 Karaoglan,K (1606)-Kuruppu,S (1541) World School-ch U11 6th 2010 (4)}) 10. c4 bxc4 11. dxc4 e5 12. Ne1 Nb8 13. Nc2 Nc6 14. b3 Nd4 15. Nxd4 exd4 16. f4 Qd7 17. h3 Ne8 (17... Rab8 $15) 18. Nf3 Rb8 19. Bd2 Bd8 20. g4 a5 21. Qd3 a4 22. Rab1 Qa7 (22... axb3 $11 23. axb3 Ra8) 23. Kg2 ({White should try} 23. b4 $14) 23... Ba5 (23... Nf6 $11) 24. Ng5 $2 (24. bxa4 Rxb1 25. Qxb1 (25. Rxb1 Bxd2 26. Nxd2 Qxa4 $17) 25... Bxd2 26. Nxd2 Qxa4 $17) (24. b4 $1 $14 {keeps the upper hand.} Bc7 25. Kg1) 24... Bxd2 $17 25. Qxd2 Nf6 26. Qd3 h6 27. e5 dxe5 28. fxe5 hxg5 29. exf6 axb3 (29... Rfe8 $142 30. Qf5 Qb7+ 31. Qd5 Qxd5+ 32. cxd5 Rbd8) 30. axb3 $2 (30. Qf5 $17 Qxa2+ 31. Rf2 Qa8+ 32. Kg3) 30... Rfe8 $1 $19 31. Qf5 Re2+ 32. Rf2 Rxf2+ 33. Qxf2 gxf6 {[%emt 0:00:33][%mdl 4096] Endgame KQR-KQR} 34. Rf1 (34. Rb2 $142 Qa3 35. Re2) 34... Rb6 (34... Rxb3 $142 {( -> ...Qb7+)} 35. Qxf6 Qb7+ 36. Rf3 Qxf3+ 37. Qxf3 Rxf3 38. Kxf3 Kg7) 35. Qf5 Re6 36. Rf2 {[%emt 0:00:00] Prevents Qa2} Qb7+ 37. Kh2 Qb8+ (37... Qxb3 $142 38. Kg2 Qxc4) 38. Kg2 Qb7+ (38... Qxb3 $142 39. Qxc5 Qc3) 39. Kh2 $1 Qxb3 40. Qxc5 Qe3 41. Kg2 Qe4+ 42. Kg1 d3 43. Qd5 Qxd5 44. cxd5 {[%emt 0:00:04] KR-KR} Rd6 45. Rd2 Rxd5 46. Kf2 f5 47. gxf5 Rxf5+ $2 (47... Kg7 $19 {is more deadly.} 48. Kf3 Kf6) 48. Ke3 $17 Re5+ 49. Kf3 Rd5 50. Ke4 Rd6 ({Black should play} 50... Rb5 {White must now prevent ...f5+.} 51. Rxd3 f5+ 52. Kf3 Kf7) 51. Ke5 Rd8 ({Better is} 51... Rb6 $17 {Hoping for ...f6+.} 52. Rxd3 Kg7) 52. Kf5 $11 Kg7 {[%emt 0:00:41] And now ...Kh6 would win.} 53. Kxg5 Rd4 {[%emt 0:00:22] ...f6+ would be deadly.} 54. Kf5 f6 (54... Kh6 $5) 55. h4 $1 Kf7 {[%emt 0:00:18][%cal Of7e7] Strongly threatening ...Ke7!} (55... Rxh4 {simplifies} 56. Rxd3 Rh5+ 57. Ke4 Kf7) 56. h5 Rd5+ 57. Kg4 $2 (57. Ke4 $11 Rxh5 58. Rxd3) 57... Kg7 58. Kf4 Kh6 (58... Rxh5 59. Rxd3 Kg6 60. Rg3+ Kf7 61. Rf3 $11) 59. Ke4 Re5+ $2 ({Worse is} 59... Rxh5 60. Rxd3 Kg6 61. Kf4 $11) (59... Rd8 60. Kf5 Rd6 61. Ke4 Kxh5 62. Kf4 Kg6 63. Ke3 Kf7 64. Kf2 Ke6 65. Ke1 Ke5 66. Rh2 d2+ 67. Kd1 f5 68. Re2+ Kf4 69. Rg2 Ke4 70. Rh2 f4 71. Rh4 Rd5 72. Rh6 f3 73. Rh8 Kf4 74. Rf8+ Kg3 75. Rf6 f2 76. Rf7 Kg2 77. Rg7+ Kf3 78. Rf7+ Ke3 79. Rf8 Rb5 80. Re8+ Kf4 81. Kxd2 f1=Q 82. Rf8+ Rf5 83. Rxf5+ Kxf5 84. Kc3 Ke4 85. Kc2 Qb5 86. Kc3 Ke3 87. Kc2 Qb4 88. Kc1 Kd3 89. Kd1 Qd2#) 60. Kf4 $1 Rd5 $2 (60... Rxh5 $11 61. Rxd3 Kg6) 61. Ke4 $1 Rd6 $2 ({Not} 61... Rxh5 62. Rxd3 Kg6 63. Kf4 $11) (61... Rd7 62. Kf5 Rd6 63. Kf4 Kxh5 64. Rh2+ Kg6 65. Rd2 f5 66. Ke3 Rd5 67. Kf4 Rd8 68. Kg3 Kf6 69. Kh4 Ke5 70. Kg3 Rd4 71. Kh3 Ke4 72. Rd1 d2 73. Kh4 Ke3+ 74. Kh5 f4 75. Kh6 f3 76. Kg7 Ke2 77. Ra1 d1=Q 78. Ra2+ Rd2 79. Ra6 Rd7+ 80. Kf6 Rd6+ 81. Rxd6 Qxd6+ 82. Kf5 f2 83. Ke4 Qd7 84. Kf4 f1=Q+ 85. Kg5 Qff5+ 86. Kh6 Qdh7#) 62. Kf5 $1 Kg7 (62... Kxh5 $2 63. Rh2#) 63. Rg2+ $2 (63. Ke4 $11) 63... Kf7 ({Stronger than} 63... Kh6 64. Rd2 Rd8 65. Kxf6 $11) (63... Kh7 $142 64. Rd2 Kh6 65. Kf4 Kxh5 66. Rh2+ Kg6 67. Rg2+ Kf7 68. Rd2 Ke6 69. Ke4 f5+ 70. Kf4 Rd5 71. Kg3 Ke5 72. Kg2 Ke4 73. Kf2 f4 74. Kf1 Rh5 75. Rb2 f3 76. Rb8 Ke3 77. Re8+ Kd4 78. Kf2 d2 79. Rd8+ Rd5 80. Rh8 d1=Q 81. Rh4+ Kd3 82. Rg4 Qe2+ 83. Kg3 f2 84. Kh4 Qf3 85. Rd4+ Rxd4+ 86. Kg5 Rg4+ 87. Kh6 Qh3#) 64. Rd2 $19 Rd4 $1 65. h6 Rd8 $2 (65... Rd6 $1 $19 66. h7 Kg7) 66. h7 $132 {[%emt 0:00:49][%cal Od2d3][%mdl 2048] Threatens to win with Rxd3! White puts up resistance} Rd5+ (66... Kg7 {simplifies} 67. h8=R Rxh8 68. Rxd3 Rh5+) 67. Ke4 Rh5 68. Rxd3 Ke6 69. Kf4 Rh4+ 70. Kg3 Rxh7 71. Rb3 Kf5 72. Rf3+ Kg5 73. Rb3 Rd7 74. Rc3 Rd4 75. Kf3 f5 76. Rb3 Rh4 77. Kg2 {[%emt 0:00:31] Prevents Rh3.} Kg4 78. Ra3 Rh6 79. Ra7 Rc6 80. Rg7+ Kf4 81. Re7 Rc2+ 82. Kf1 (82. Kh3 $11) 82... Kf3 $17 {[%emt 0:00:10] Black converts the advantage convincingly.} 83. Ke1 $2 (83. Kg1 $17) 83... f4 84. Kd1 Rc5 85. Ke1 Rc1+ 86. Kd2 Ra1 (86... Rf1 $142 87. Rf7 Kg2 88. Rh7 f3 89. Rh8 Rg1 90. Ke3 Re1+ 91. Kf4 f2 92. Rg8+ Kh2 93. Rh8+ Kg1 94. Rg8+ Kf1 95. Rd8 Re7 96. Ra8 Rf7+ 97. Ke5 Kg1 98. Ra1+ f1=Q 99. Rxf1+ Rxf1 100. Ke4 Rd1 101. Ke5 Kf2 102. Ke4 Rd8 103. Kf5 Kf3 104. Ke6 Kf4 105. Ke7 Rd2 106. Ke6 Rd4 107. Kf7 Re4 108. Kg6 Re6+ 109. Kh7 Kg5 110. Kg7 Re7+ 111. Kf8 Kf6 112. Kg8 Re8+ 113. Kh7 Rc8 114. Kh6 Rh8#) 87. Rf7 $19 Rf1 $1 88. Rg7 {[%emt 0:00:32] [#]} Kf2 $1 89. Rf7 {[%emt 0:00:26] [#]} f3 $1 90. Rf8 Rh1 91. Kd3 Rh7 92. Rf5 Rd7+ 93. Ke4 Re7+ 94. Kd3 Rd7+ $2 (94... Kg2 {mates} 95. Kd2 f2 96. Rg5+ Kf3 97. Rf5+ Kg3 98. Rg5+ Kf4 99. Rg8 Re1 100. Rf8+ Kg3 101. Rg8+ Kf4 102. Rf8+ Kg3 103. Rg8+ Kh4 104. Rh8+ Kg5 105. Rg8+ Kh6 106. Rh8+ Kg5 107. Rg8+ Kh6 108. Rf8 f1=Q 109. Rxf1 Rxf1 110. Ke3 Rd1 111. Ke4 Kg5 112. Ke5 Rd8 113. Ke6 Kf4 114. Ke7 Rd5 115. Ke6 Rd3 116. Kf6 Re3 117. Kg6 Re6+ 118. Kh7 Kg5 119. Kg7 Re7+ 120. Kf8 Kf6 121. Kg8 Re8+ 122. Kh7 Ra8 123. Kh6 Rh8#) 95. Kc2 $2 (95. Ke4 $11) 95... Kg2 {[%emt 0:00:10] Black mates.} 96. Rg5+ Kf1 97. Rg3 Ke2 98. Rg8 Rc7+ 99. Kb2 Re7 {[%emt 0:00:04] Weighted Error Value: White=0.80/Black=0.84} 0-1

[Event "Oceania Zonal Open 2023"]
[Site "Melbourne"]
[Date "2023.01.24"]
[Round "3.10"]
[White "Anderson, Brendan"]
[Black "Renjith, Sravan"]
[Result "1-0"]
[ECO "D34"]
[WhiteElo "1926"]
[BlackElo "2172"]
[Annotator "TA"]
[PlyCount "55"]
[EventDate "2023.01.09"]
[EventType "swiss"]
[EventCountry "AUS"]
[SourceTitle "playchess.com"]
[Source "ChessBase"]
[SourceQuality "1"]
[TimeControl "5400+30"]

1. d4 d5 2. c4 e6 3. Nc3 c5 4. cxd5 exd5 5. Nf3 Nc6 6. g3 Nf6 7. Bg2 Be7 8. O-O O-O 9. dxc5 Bxc5 10. Bg5 d4 11. Bxf6 Qxf6 12. Ne4 Qe7 13. Nxc5 Qxc5 14. Qd2 Be6 {[%emt 0:05:11] [#] D34: Tarrasch Defence: 6 g3 Nf6 7 Bg2 Be7.} 15. b4 $1 {[%emt 0:09:05] [#]} Qb6 $146 ({Predecessor:} 15... Qxb4 16. Qxb4 Nxb4 17. Nxd4 Bxa2 18. Bxb7 Rab8 19. Bf3 a6 20. Rfc1 Rb6 21. Rc7 Bd5 22. Bxd5 Nxd5 {½-½ Delaunay,S (2356)-Rainfray,A (2416) FRA-chT2 0304 2003 (9)}) 16. Rab1 Rfd8 {[%emt 0:03:32][%cal Od4d3] The position is equal.} (16... Bf5 $5 ) 17. Rfd1 a6 (17... Bf5 $5 ) 18. a4 (18. Ng5 {is more complex.} Bf5 19. Nxf7 Rf8 20. Ng5) 18... Rac8 (18... Bf5 $11) 19. b5 $36 {[%emt 0:03:27][%mdl 2048] Black is under strong pressure.} axb5 20. Rxb5 (20. axb5 $6 Na5 $11) 20... Qa6 {[%emt 0:01:49] [#]} 21. Qb2 (21. Ng5 $1 $16) 21... Rc7 (21... Qxa4 $11 {remains equal.} 22. Ra1 Qc4) 22. Rb1 (22. Nxd4 $2 {too greedy.} Qxa4 23. Ra1 Qxd4 $19) 22... Bc8 {[%emt 0:17:49] [#]} 23. Rc5 $1 d3 24. exd3 {[%emt 0:00:18] Black must now prevent Ne5.} ({Much weaker is} 24. Rg5 $6 g6 25. exd3 Bf5 $11) 24... Qxa4 $2 {[%emt 0:06:32][%mdl 8192] This move loses the game for Black.} (24... Be6 $16) 25. Ra1 $18 {[%emt 0:02:41] White is clearly winning.} ({Inferior is} 25. Rg5 g6 $11) 25... Qg4 26. Rg5 f6 27. Rxg4 Bxg4 28. h3 {[%emt 0:00:44] Weighted Error Value: White=0.21 (precise) /Black=0.77} 1-0

[Event "Oceania Zonal Open 2023"]
[Site "Melbourne"]
[Date "2023.01.24"]
[Round "3.10"]
[White "Odenthal, Aidan"]
[Black "Clarke, Matthew"]
[Result "0-1"]
[ECO "D36"]
[WhiteElo "1871"]
[BlackElo "2104"]
[Annotator "TA"]
[PlyCount "62"]
[EventDate "2023.01.09"]
[EventType "swiss"]
[EventCountry "AUS"]
[SourceTitle "playchess.com"]
[Source "ChessBase"]
[SourceQuality "1"]
[TimeControl "5400+30"]

1. d4 Nf6 2. c4 e6 3. Nf3 d5 4. cxd5 exd5 5. Bg5 Be7 6. Nc3 h6 7. Bh4 c6 8. Qc2 O-O 9. e3 Nbd7 10. Bd3 Re8 11. O-O Ne4 12. Bxe7 Qxe7 13. Bxe4 dxe4 14. Nd2 Nf6 15. Rab1 Bf5 $1 {[%emt 0:04:16] The main line 15...Bf5 scores better than 15...b6. D36: Queen's Gambit Declined: Exchange Variation: Main line (5 Bg5 c6 6 Qc2).} (15... b6 $5 ) 16. b4 {[%emt 0:03:04][%cal Bb2b4,Bb4b5][%mdl 32] [#]} g5 $146 ({Black should play} 16... Nd5 $11) ({Predecessor:} 16... Nd5 17. Qb2 Qg5 18. Kh1 Re6 19. b5 Rg6 20. Rg1 Nf6 21. bxc6 bxc6 22. Qb7 Re8 {½-½ Harutyunian,T (2524)-Nisipeanu,L (2644) Abu Dhabi Masters 28th 2022 (7)}) 17. b5 {[%emt 0:04:28] White wants to play bxc6.} c5 {[%emt 0:04:14] Strongly threatening ...cxd4. The position is equal.} 18. dxc5 Qxc5 19. Qb2 Rad8 20. Nb3 Qe7 21. Ne2 Ng4 22. Ng3 Bg6 23. Nd4 Ne5 24. Qb3 h5 25. Rfd1 (25. Nge2 $15) 25... h4 $19 26. Nge2 {[%emt 0:03:22] [#]} h3 $1 {[%emt 0:00:53][%mdl 512] Black is more active.} 27. Ng3 hxg2 28. Kxg2 Qf6 29. Rbc1 Nd3 ({And not} 29... Rxd4 30. Rxd4 Qf3+ 31. Kg1 $11) 30. Rc2 $2 (30. Rf1 $17) 30... Rxd4 $1 {[%emt 0:01:05][%mdl 64] [#] Remove Defender} 31. exd4 Qf3+ {[%emt 0:01:14] Weighted Error Value: White=0.91/Black=0.11 (very precise)} 0-1

[Event "Oceania Zonal Open 2023"]
[Site "Melbourne"]
[Date "2023.01.24"]
[Round "3.11"]
[White "Nemeth, John"]
[Black "Lee, Lachlan"]
[Result "1-0"]
[ECO "A38"]
[WhiteElo "2157"]
[BlackElo "1910"]
[Annotator "TA"]
[PlyCount "105"]
[EventDate "2023.01.09"]
[EventType "swiss"]
[EventCountry "AUS"]
[SourceTitle "playchess.com"]
[Source "ChessBase"]
[SourceQuality "1"]
[TimeControl "5400+30"]

1. Nf3 Nf6 2. g3 c5 3. Bg2 Nc6 4. c4 g6 5. O-O Bg7 6. d4 cxd4 7. Nxd4 O-O 8. Nc3 a6 {[%emt 0:03:50] 8...Qa5 is becoming the main line.} 9. Nc2 d6 10. b3 Be6 {[%emt 0:17:40] A38: Symmetrical English vs ...g6: 4 Bg2 Bg7 5 Nf3 Nf6.} 11. Bb2 Rb8 {[%emt 0:03:55] [#]} 12. Qd2 $146 (12. Rb1 $14) ({Predecessor:} 12. Rc1 Qa5 13. Nd5 Bxd5 14. cxd5 Ne5 15. a3 Rfc8 16. Ne3 b5 17. b4 Qb6 18. Bxe5 dxe5 {1-0 Gaehwiler,G (2405)-Buscar,M (2088) Titled Tuesday intern op 04th Jan blitz 2022 (2)}) 12... Qd7 {[%emt 0:05:21] The position is equal.} 13. Rad1 (13. Nd5 {feels hotter.} Nxd5 14. Bxg7 Ne3 15. Nxe3 Kxg7 16. Rad1) 13... Rfc8 (13... b5 $11 {deserves consideration.}) 14. Nd5 $14 Nxd5 15. Bxg7 Nf4 16. Qxf4 Kxg7 17. c5 Nd8 {[%emt 0:02:56] [#]} ({Black should try} 17... d5 $14) 18. cxd6 $1 $18 Nc6 (18... a5 19. Nd4) 19. Nd4 (19. Rd2 $18) 19... Nxd4 $16 20. Rxd4 exd6 21. Rxd6 Qb5 22. e4 $36 {[%emt 0:03:22][%mdl 2048] White has strong initiative. White is more active.} Qa5 (22... g5 $142 23. Qd2 Qc5) 23. Rfd1 g5 24. Qe3 {[%emt 0:02:54] Strongly threatening Qd4+.} Qc5 25. Qe2 {[%emt 0:05:25][%cal Od6e6] aiming for Rxe6!} Qe5 (25... Rc7 $16 26. e5 Re8) 26. Bf3 (26. Qh5 $1 $18) 26... Re8 27. Bg4 f5 (27... Rbc8 $16 {is a better defense.} 28. h4 Rc5 29. Bxe6 Rxe6 30. Rxe6 Qxe6) 28. exf5 Qxe2 29. Bxe2 Bxf5 30. Bf3 (30. R1d5 $18) 30... Re7 (30... g4 $16) 31. g4 $18 Bc2 32. Rc1 Rc8 (32... Rf8 $16 {was called for.}) 33. Kg2 (33. Rb6 $18) 33... Rcc7 (33... Rf7 $16) 34. Rb6 (34. Rd2 $18 Be4 35. Rxc7 Bxf3+ 36. Kxf3 Rxc7 37. Kg3) 34... Rf7 {[%emt 0:00:15] [#]} 35. Rxb7 $1 Rxb7 $16 36. Bxb7 {[%emt 0:00:07][%mdl 4096] Endgame KRB-KRB} ({Of course not} 36. Rxc2 $6 Rbc7 37. Re2 Rfd7 $11) 36... Rc7 {[%emt 0:00:17][%mdl 8192] This move loses the game for Black.} (36... Bxb3 $16 {is tougher.} 37. Rc5 (37. Bxa6 Bd5+ 38. Kf1 Ra7 $16) 37... h6) 37. Bf3 {[%emt 0:00:26] Kg1 is the strong threat.} ({Worse is} 37. Bxa6 Be4+ 38. f3 Rxc1 39. fxe4 Rc2+ 40. Kg3 Rxa2 $19) 37... Rc3 $2 (37... Rc8 38. b4 Rc4) 38. Kg1 $18 Rxf3 39. Rxc2 {[%emt 0:00:05] KR-KR} Rf6 40. Rc5 Kg6 41. Kg2 h6 42. Ra5 Kg7 43. Kg3 Kg6 44. h4 Rc6 (44... gxh4+ $142 45. Kxh4 Kh7) 45. hxg5 hxg5 46. b4 Rb6 47. a3 Kf6 48. f3 Kg6 49. Kf2 Re6 50. a4 Rb6 51. b5 axb5 52. axb5 {[%emt 0:01:36] White threatens Ra6 and mate.} Kf6 53. Ra6 {[%emt 0:00:02] Weighted Error Value: White=0.26 (precise) /Black=0.50} 1-0

[Event "Oceania Zonal Open 2023"]
[Site "Melbourne"]
[Date "2023.01.24"]
[Round "3.11"]
[White "Xie, Felix"]
[Black "Park-Tamati, Philli"]
[Result "1-0"]
[ECO "E11"]
[WhiteElo "2103"]
[BlackElo "1868"]
[Annotator "TA"]
[PlyCount "81"]
[EventDate "2023.01.09"]
[EventType "swiss"]
[EventCountry "AUS"]
[SourceTitle "playchess.com"]
[Source "ChessBase"]
[SourceQuality "1"]
[TimeControl "5400+30"]

1. d4 Nf6 2. c4 e6 3. g3 Bb4+ 4. Bd2 a5 5. Nf3 d6 6. Bg2 O-O 7. O-O Bxd2 8. Qxd2 Nbd7 9. Nc3 e5 10. e4 Re8 11. b3 {[%emt 0:04:24] E11: Bogo-Indian.} Qe7 12. Rfe1 c6 {[%emt 0:01:27] [#]} 13. a3 $146 {[%emt 0:05:10] White is more active.} ({Better is} 13. Rac1 $16) ({Predecessor:} 13. Rad1 Nf8 14. h3 Ng6 15. Qc1 Bd7 16. Na4 b5 17. Nb6 Rab8 18. c5 dxc5 19. dxc5 Be6 20. Qc3 b4 21. Qe3 {½-½ Kohlweyer,B (2450)-Gaertner,G (2310) Liechtenstein op 12th 1994 (3)}) 13... Nb6 $14 14. Qd3 Bg4 15. Nd2 Nbd7 16. h3 Bh5 17. f4 exf4 (17... h6 $11) 18. gxf4 $16 Rad8 19. Nf1 Bg6 20. Qf3 Bh5 21. Qf2 {[%emt 0:02:41] Hoping for e5.} Nf8 $2 {[%emt 0:08:08] [#] Loses the game.} (21... Bg6 $16) 22. Ng3 $1 $18 g6 23. e5 N6d7 24. Nxh5 gxh5 25. Ne4 dxe5 26. dxe5 Rb8 (26... f6 {was necessary.} 27. Nd6 fxe5) 27. Nd6 Red8 28. Qg3+ Ng6 29. Be4 h4 $2 {[%emt 0:05:22] Black is weak on the light squares} (29... Qh4 30. Qxh4 Nxh4) 30. Qf2 Kh8 31. Kh1 Rg8 32. Qb2 Nxf4 $2 (32... f6 {is a better chance.}) 33. e6+ {[%emt 0:00:09][%mdl 64] [#] Discovered Attack} f6 34. Nf7+ Kg7 35. exd7 Qxd7 36. Ng5 {[%emt 0:00:27] Strongly threatening Rad1.} Nxh3 (36... Rbd8 $142 37. Bxh7 (37. Nxh7 $2 {too greedy.} Qxh3+ 38. Qh2 Qxh2+ 39. Kxh2 Rd2+ 40. Kh1 Nh5 $19) (37. Rf1 Qd4 $16) 37... Rge8) 37. Rad1 Qg4 38. Nxh7 Qf4 {[%emt 0:01:38] White must now prevent ...Nf2+.} 39. Qg2+ Ng5 40. Nxg5 fxg5 41. Rd7+ {[%emt 0:00:06] An entertaining game by Xie.   Weighted Error Value: White=0.46/Black=0.67} 1-0

[Event "Oceania Zonal Open 2023"]
[Site "Melbourne"]
[Date "2023.01.24"]
[Round "3.12"]
[White "Fu, Yihe"]
[Black "Melamed, Daniel"]
[Result "1-0"]
[ECO "B45"]
[WhiteElo "2149"]
[BlackElo "1898"]
[Annotator "TA"]
[PlyCount "143"]
[EventDate "2023.01.09"]
[EventType "swiss"]
[EventCountry "AUS"]
[SourceTitle "playchess.com"]
[Source "ChessBase"]
[SourceQuality "1"]
[TimeControl "5400+30"]

1. e4 c5 2. Nf3 e6 3. d4 cxd4 4. Nxd4 Nf6 5. Nc3 Nc6 6. Nxc6 bxc6 7. e5 Nd5 8. Ne4 Qc7 9. f4 Qb6 10. c4 Bb4+ 11. Ke2 f5 12. exf6 Nxf6 {[%emt 0:00:05] B45: Sicilian Four Knights.} 13. Be3 {[%emt 0:00:21] Chess con chili.} Qd8 14. Nd6+ Bxd6 {[%emt 0:01:01] White has an edge.} 15. Qxd6 Qe7 {[%emt 0:00:14] Black is weak on the dark squares} (15... c5 $11) 16. Bc5 $14 {[%emt 0:00:09][%csl Gc5][%cal Rd6e7] White has more active pieces. The black rooks are badly placed.} Qxd6 17. Bxd6 Ne4 18. Be5 {[%emt 0:00:08] [#]} d6 $146 ({Predecessor:} 18... O-O 19. Ke3 d5 20. c5 a5 21. Bd3 Nf6 22. h3 Ba6 23. Bc2 Rf7 24. g4 Rb7 {1-0 Willder,M (1555)-Xu,E (1838) Glorney Cup Cardiff 2022 (4.3)}) 19. Bxg7 Rg8 20. Ke3 $1 Rxg7 21. Kxe4 c5 22. Rg1 h5 (22... Rb7 $142) 23. Be2 h4 24. g3 hxg3 25. hxg3 (25. Rxg3 $142 Bb7+ 26. Ke3) 25... Ke7 26. Bf3 Rb8 27. b3 a5 28. Kd3 Bd7 29. Rae1 Rh8 30. Ke3 a4 31. g4 Rh3 32. Rh1 (32. Kf2 $16) 32... Rgh7 33. Rxh3 (33. Ke2 $14) 33... Rxh3 {[%emt 0:00:02][%mdl 4096] Endgame KRB-KRB} 34. Kf2 {[%emt 0:03:00] aiming for Kg2.} Rh2+ 35. Bg2 Bc6 36. Rg1 axb3 37. axb3 {[%emt 0:00:07] Hoping for Kg3.} Bxg2 $1 38. Rxg2 $11 {[%emt 0:00:12] KR-KR} Rh3 (38... Rh1 $1 $11 {keeps the balance.}) 39. Rg3 $16 Rh2+ 40. Ke3 Kf6 {[%emt 0:01:53] [#]} 41. Ke4 $1 {[%emt 0:01:18] And now Rd3 would win.} Re2+ 42. Re3 Rh2 {[%emt 0:00:41] [#]} (42... Rg2 $142) 43. g5+ (43. Rd3 $1 $18 ) 43... Kg6 $2 (43... Kf7 $16 44. Rd3 Ke7) 44. Rd3 $18 Re2+ 45. Kf3 Rb2 46. Rxd6 Kf5 47. Rd3 {[%emt 0:00:19] Re3 is the strong threat.} Rb1 48. Re3 $2 (48. Kf2 $18) 48... Rf1+ $11 49. Kg3 Rxf4 50. Rxe6 {[%emt 0:00:22][%mdl 64] Deflection} Rg4+ $2 {[%emt 0:00:05][%mdl 8192] Black is now going downhill.} (50... Kxg5 $11 51. Re5+ Rf5 52. Rxf5+ Kxf5) 51. Kf3 $18 {[%emt 0:00:16][%cal Oe6e5] Threatening mate with Re5+!} Rf4+ 52. Ke3 {[%emt 0:00:15] White wants to mate with Rf6+.} Rh4 53. Rc6 Rh3+ 54. Kd2 Rxb3 55. Rxc5+ Ke4 56. g6 {[%emt 0:00:43][%cal Bg5g6,Bg6g7][%mdl 32] Strongly threatening Rc7.} Rg3 57. Rc6 {[%emt 0:00:08] Threatens to win with Rd6.} Ra3 58. g7 {[%emt 0:00:39] White mates.} Rg3 59. Rc7 Ke5 60. c5 Ke6 61. Ke2 Kf6 62. c6 Ke6 63. Rd7 Rg2+ 64. Kd3 Rg4 65. Ke3 Rg1 66. Kd4 Rg5 67. Kc4 Rg1 68. Kc5 Rc1+ 69. Kb6 Rb1+ 70. Ka7 Ra1+ 71. Kb8 Rg1 72. Rd8 {[%emt 0:00:42] Weighted Error Value: White=0.21 (precise) /Black=0.23 (precise)} 1-0

[Event "Oceania Zonal Open 2023"]
[Site "Melbourne"]
[Date "2023.01.24"]
[Round "3.12"]
[White "Ruan, Harry"]
[Black "Kargosha, Bahman"]
[Result "1/2-1/2"]
[ECO "C54"]
[WhiteElo "1858"]
[BlackElo "2096"]
[Annotator "TA"]
[PlyCount "68"]
[EventDate "2023.01.09"]
[EventType "swiss"]
[EventCountry "AUS"]
[SourceTitle "playchess.com"]
[Source "ChessBase"]
[SourceQuality "1"]
[TimeControl "5400+30"]

1. e4 e5 2. Nf3 Nc6 3. Bc4 Nf6 4. d3 Bc5 5. c3 a6 ({But not} 5... d5 6. exd5 Nxd5 7. Qb3 $14) 6. a4 {[%emt 0:01:13] C54: Giuoco Piano: 4 c3 Nf6, main lines with 5 d4 and 5 d3.} Ba7 7. O-O h6 8. Re1 {[%emt 0:03:01] White is slightly better.} d6 9. Nbd2 O-O 10. h3 Ne7 11. Nf1 {[%emt 0:03:08] 11.d4 is a critical line.} Ng6 12. Ng3 c6 13. Ba2 Re8 14. d4 $1 Be6 {[%emt 0:03:48] [#]} 15. d5 $146 (15. Bxe6 $11 Rxe6 16. Be3) ({Predecessor:} 15. Bxe6 Rxe6 16. Be3 exd4 17. Nxd4 Re8 18. Ndf5 Bxe3 19. Rxe3 Re6 20. Qd4 Qf8 21. Qb6 {0-1 Yudin,S (2599)-Kovalev,V (2556) Wch Blitz Almaty 2022 (11)}) 15... cxd5 $15 16. exd5 Bd7 17. Be3 (17. Nd2 $15) 17... Bxe3 $17 18. fxe3 Qa5 (18... e4 $17 19. Nd2 Re5) 19. Nd2 $11 b5 (19... Bxa4 $2 20. Bb1 $16) ({Don't play} 19... Qxa4 20. Nc4 Qxd1 21. Rexd1 $14) 20. axb5 axb5 21. Qf3 (21. Bb3 $15 Qb6 22. Qf3) 21... Qb6 (21... b4 $17) 22. Kh1 {[%emt 0:05:48] [#]} (22. Rf1 $11) 22... Rf8 ({Black should try} 22... e4 $1 $17 23. Qe2 Re5) 23. Rf1 Ne7 24. e4 Ng6 25. Nf5 Bxf5 (25... Nf4 {with more complications.} 26. Bb3 Bxf5 27. exf5 b4) 26. exf5 Ne7 {[%emt 0:01:59] A dynamic duo of knights.} (26... Nf4 {looks sharper.} 27. Kh2 b4 28. Bb3 Qc5) 27. g4 (27. Kh2 $17 {might work better.}) 27... Ra4 28. Bb3 Rf4 (28... Rxa1 $17 29. Rxa1 b4) 29. Qg2 Qe3 30. Rxf4 Qxf4 31. Rf1 Qe3 32. Rf3 Qe1+ (32... Qg5 $17 {[%cal Oh6h5] Strongly threatening ...h5!} 33. Rf1 h5) 33. Rf1 Qe3 34. Rd1 (34. Rf3 $1 $11 {was the only way to keep the balance.} Qg5 35. Rf1) 34... Rc8 {[%emt 0:01:21] Weighted Error Value: White=0.26 (precise) /Black=0.22 (precise)} (34... b4 $17 35. c4 Ra8) 1/2-1/2